 Dungeon Crawl Stone Soup version 0.29-a0-925-g0a7a3d12f8 (webtiles) character file.

Game seed: 7697430681552175765

39 quixfox the Digger (level 3, -2/19 HPs)
             Began as a Gargoyle Earth Elementalist on July 29, 2022.
             Constricted to death by Terence (4 damage)
             ... on level 2 of the Dungeon.
             The game lasted 00:01:45 (1132 turns).

quixfox the Digger (Gargoyle Earth Elementalist)    Turns: 1132, Time: 00:01:46

Health: -2/19      AC:  6    Str: 11    XL:     3   Next: 45%
Magic:  5/7        EV:  8    Int: 17    God:
Gold:   14         SH:  0    Dex: 10    Spells: 1/7 levels left

rFire   . . .      SeeInvis .   c - +0 whip
rCold   . . .      Faith    .   (no shield)
rNeg    + . .      Spirit   .   a - +0 robe
rPois   ∞          Reflect  .   d - +0 helmet
rElec   +          Harm     .   (no cloak)
rCorr   .          Rampage  .   (no gloves)
Will    .....                   (no boots)
Stlth   ++........              (no amulet)
HPRegen 0.06/turn               (no ring)
MPRegen 0.10/turn               (no ring)

@: grasped by roots, constricted
A: sickness immunity, AC +3, negative energy resistance 1, electricity
resistance, torment resistance 1, petrification resistance
a: no special abilities


You were on level 2 of the Dungeon.
You visited 1 branch of the dungeon, and saw 2 of its levels.

You collected 14 gold pieces.

Inventory:

Hand Weapons
 c - a +0 whip (weapon)
Armour
 a - a +0 robe (worn)
 d - a +0 helmet (worn)
Scrolls
 e - 2 scrolls of fear {unknown}
 f - a scroll of blinking {unknown}
 g - a scroll of poison {unknown}
 h - a scroll of acquirement {unknown}
 i - a scroll of identify {unknown}
Potions
 b - a potion of magic


   Skills:
 - Level 1.5 Dodging
 - Level 2.1 Stealth
 + Level 2.8 Spellcasting
 + Level 0.4 Conjurations
 - Level 0.7 Transmutations
 + Level 4.5 Earth Magic


You had one spell level left.
You knew the following spells:

 Your Spells              Type           Power      Damage    Failure   Level
a - Sandblast             Erth           34%        2d9       2%          1
b - Passwall              Tmut/Erth      9%         N/A       10%         2
c - Stone Arrow           Conj/Erth      20%        3d8       21%         3

Your spell library contained the following spells:

 Spells                   Type           Power      Damage    Failure   Level
 Petrify                  Tmut/Erth      11%        N/A       52%         4


Dungeon Overview and Level Annotations

Branches:
Dungeon (2/15)

Altars:

Annotations:
D:2 Terence


Innate Abilities, Weirdness & Mutations

You are immune to sickness and miasma.
Your stone body is resilient. (AC +3)
You are immune to poison.
You resist negative energy. (rN+)
You are resistant to electric shocks. (rElec)
You are resistant to unholy torment.
You are immune to petrification.


Message History

You open the door.
There is an open door here.
Terence the Incautious comes into view.
He is wielding a +0 trident, wearing a +2 scale mail of cold resistance and carrying a wand of roots (12).
Terence shouts!
The blast of sand hits Terence but does no damage.
Terence zaps a wand.
The roots erupt in riotous growth!
The grasping roots grab you! The grasping roots constrict you. x2
You hear a shout!
You hear an angry hiss.
You hear a shout!
The blast of sand hits Terence but does no damage.
The grasping roots constrict you.
A goblin comes into view. It is wielding a +0 dagger.
Terence closely misses you. The grasping roots constrict you.
The grasping roots release their grip on you.
You are too injured to fight recklessly!
Aiming: Sandblast (safe; 2% risk of failure)
Press: ? - help, Q - select action, (/) - cycle Shift-Dir - straight line, f/p - Terence
Aim: Terence, wielding a +0 trident, wearing a +2 scale mail of cold resistance and carrying a wand of roots (11) (84% to hit)
The blast of sand hits Terence!
Terence is heavily wounded.
Terence zaps a wand.
The roots erupt in riotous growth!
The grasping roots grab you! The grasping roots constrict you.
* * * LOW HITPOINT WARNING * * *
Terence hits you but does no damage. The grasping roots constrict you.
* * * LOW HITPOINT WARNING * * *
You hear an angry hiss.
Okay, then.
You escape the roots grasp.
There is an open door here.
Terence zaps a wand.
The roots erupt in riotous growth!
The grasping roots grab you! The grasping roots constrict you.
* * * LOW HITPOINT WARNING * * *
You hear an angry hiss.
You escape the roots grasp.
Terence zaps a wand.
The roots erupt in riotous growth!
The grasping roots grab you! The grasping roots constrict you.
You die...

#.# ....#... #.# #.......
#.# #.##.##......< #g#
#.##.##..>.... #@#
#.##..#####... #.#
#.##..#####...
##########'###.##..##......
#...........##.##..##.##...
#.........@.##.....##.##...
#...........##.....##.##.#.
##########.###.###.##....#.
#...#.# #.....###. #.....#
#####..... #.##### #.##..
#.# #####.##.. #.#
#......... ### #.#.#.##..


You could see Terence and a goblin.

Vanquished Creatures
  An adder (D:2)
  A dart slug (D:1)
  2 endoplasms (D:1)
  A giant cockroach (D:1)
  3 goblins (D:1)
  2 hobgoblins (D:1)
  4 jackals (D:1)
  2 kobolds (D:1)
  3 ball pythons
  2 bats (D:1)
  3 frilled lizards (D:1)
  3 rats (D:1)
27 creatures vanquished.

Notes
Turn   | Place    | Note
-------+----------+-------------------------------------------
     0 | D:1      | quixfox the Gargoyle Earth Elementalist began the quest for
                  | the Orb.
     0 | D:1      | Reached XP level 1. HP: 10/10 MP: 3/3
   163 | D:1      | Found a faded altar of an unknown god.
   166 | D:1      | Reached XP level 2. HP: 15/15 MP: 3/5
   168 | D:1      | Reached skill level 4 in Earth Magic
   716 | D:1      | Reached XP level 3. HP: 19/19 MP: 4/6
   724 | D:1      | Learned a level 2 spell: Passwall
   728 | D:1      | Learned a level 3 spell: Stone Arrow
  1122 | D:2      | Noticed Terence
  1132 | D:2      | Constricted to death by Terence

Illustrated notes

Levels and vault maps discovered:
D:1:      kennysheep_arrival_forest, layout_loops_ring, basic_ecumenical_altar
D:2:      layout_basic, uniq_terence, uniq_robin, uniq_natasha

Skill      XL: |  1  2 |
---------------+-------+-----
Earth Magic    | 4 |  4.5
Dodging        | |  1.5
Stealth        | |  2.1
Spellcasting   | |  2.8
Conjurations   | |  0.4
Transmutations | |  0.7

Action                   || total
-------------------------++-------
Melee: Whip              ||     6
 Cast: Sandblast         ||    41
Armor: Robe              ||    12
Dodge: Dodged            ||    12

Table legend: (Time is in decaauts)
 A = Elapsed time spent in this place.
 B = Non-inter-level travel time spent in this place.
 C = Inter-level travel time spent in this place.
 D = Time resting spent in this place.
 E = Time spent auto-exploring this place.
 F = Levels seen in this place.
 G = Mean time per level.
                   A        B        C        D        E       F      G
               +--------+--------+--------+--------+--------+-----+--------+
         Total |   1172 |   1146 |     26 |      0 |    954 |   2 |  586.0 |
       Dungeon |   1172 |   1146 |     26 |      0 |    954 |   2 |  586.0 |
               +--------+--------+--------+--------+--------+-----+--------+

Top non-repeatable levels by time:
     D:1: 1045 daAuts
     D:2: 127 daAuts
